 Dungeon Crawl Stone Soup version 0.31.0-32-g396128a36d (webtiles) character file.

Game seed: 14922887335483256359

1 jake20062024 the Grave Robber (level 1, 0/13 HPs)
             Began as a Vampire Necromancer on Apr 8, 2024.
             Slain by a kobold
             ... wielding a +0 dagger
              (2 damage)
             ... on level 1 of the Dungeon.
             The game lasted 00:00:16 (100 turns).

jake20062024 the Grave Robber (Vampire Necromancer)  Turns: 100, Time: 00:00:17

Health: 0/13       AC:  2    Str:  7    XL:     1   Next: 16%
Magic:  3/3        EV: 12    Int: 17    God:
Gold:   0          SH:  0    Dex: 14    Spells: 3/4 levels left

rFire   . . .        (no weapon)
rCold   . . .        (no shield)
rNeg    . . .        a - +0 robe
rPois   .            (no helmet)
rElec   .            (no cloak)
rCorr   .            (no gloves)
SInv    +            (no boots)
Will    .....        (no amulet)
Stlth   ++           (no ring)
HPRegen 0.42/turn    (no ring)
MPRegen 0.08/turn

%: no passive effects
@: healing quickly
A: alive, fangs 3, see invisible, vampiric 1
a: Exsanguinate


You were on level 1 of the Dungeon.
You visited 1 branch of the dungeon, and saw 1 of its levels.

Inventory:

Armour
 a - a +0 robe (worn)
Scrolls
 c - a scroll of identify {unknown}
Potions
 b - a potion of magic


   Skills:
 + Level 2.3 Dodging
 + Level 3.0 Stealth
 + Level 2.0 Spellcasting
 + Level 4.3 Necromancy


You had 3 spell levels left.
You knew the following spells:

 Your Spells              Type           Power      Damage    Failure   Level
a - Necrotise             Necr           64%        1d7       3%          1

Your spell library contained the following spells:

 Spells                   Type           Power      Damage    Failure   Level
 Vampiric Draining        Necr           16%        2d7       10%         3
 Animate Dead             Necr           16%        N/A       32%         4
 Curse of Agony           Necr           16%        N/A       65%         5


Dungeon Overview and Level Annotations

Branches:
Dungeon (1/15)

Altars:


Innate Abilities, Weirdness & Mutations

Your natural rate of healing is accelerated.
You have razor-sharp teeth.
You have supernaturally acute eyesight. (SInv)
You are afflicted with vampirism.


Message History

You kill the goblin!
The bat hits you but does no damage. The bat barely misses you.
The bat barely misses you.
The kobold throws a stone.
The stone barely misses you.
You see here a +0 dagger.
You barely miss the kobold. The bat hits you but does no damage. x2
The kobold hits you with a +0 dagger.
You hit the kobold but do no damage. The bat closely misses you.
The kobold misses you.
You hit the kobold but do no damage. The bat closely misses you.
The kobold hits you with a +0 dagger.
You hit the kobold but do no damage. You bite the kobold, but do no damage.
The bat hits you but does no damage. The kobold closely misses you.
You hit the kobold but do no damage. The bat closely misses you.
The kobold hits you with a +0 dagger.
You barely miss the kobold. The bat hits you. The kobold misses you.
You barely miss the kobold. The bat hits you but does no damage.
The kobold misses you.
You hit the kobold but do no damage. The bat hits you but does no damage.
The kobold closely misses you.
You hit the kobold.
The kobold is moderately wounded.
The bat closely misses you. The kobold hits you with a +0 dagger.
The bat closely misses you.
You miss the kobold.
The kobold is moderately wounded.
The bat closely misses you. The kobold hits you but does no damage.
You hit the kobold but do no damage. You bite the kobold.
The kobold is heavily wounded.
The kobold hits you with a +0 dagger. The bat hits you but does no damage.
You closely miss the kobold.
The kobold is heavily wounded.
The bat hits you but does no damage. The kobold hits you with a +0 dagger.
* * * LOW HITPOINT WARNING * * *
You are too injured to fight recklessly!
You are too injured to fight recklessly!
You barely miss the kobold.
The kobold is heavily wounded.
The kobold hits you with a +0 dagger.
You die...

###### ### .....
.. #..#. .#
#..#.#.#
####..#...#
#.....##..# #
#..$..)...#.#
#.$⌠?K@.>...#
.......b##.####
........##.#
$....#.###.####
....##........##
.........#.##..#
....###..#.###.#
.. #. ###...# #.
###.###


You could see a bat and a kobold.

Vanquished Creatures
  A goblin (D:1)
1 creature vanquished.

Notes
Turn   | Place    | Note
-------+----------+-------------------------------------------
     0 | D:1      | jake20062024 the Vampire Necromancer began the quest for
                  | the Orb.
     0 | D:1      | Reached XP level 1. HP: 13/13 MP: 3/3
   100 | D:1      | Slain by a kobold

Illustrated notes

Levels and vault maps discovered:
D:1:      lemuel_arrival_tunnels, layout_loops_cross,
          hellmonk_ecumenical_altar_watching_god, dreamdust_wishing_well

Action                     || total
---------------------------++-------
  Melee: Unarmed           ||    17
         Bite              ||     2
 Armour: Robe              ||    25
  Dodge: Dodged            ||    20
